 Dungeon Crawl Stone Soup version 0.32-a0-630-g46d191b0ed (webtiles) character file.

Game seed: 942997535086590658

35 Alarak the Trooper (level 3, -1/30 HPs)
             Began as a Demonspawn Gladiator on Mar 7, 2024.
             Killed from afar by Natasha (6 damage)
             ... with a magic dart
             ... on level 2 of the Dungeon.
             The game lasted 00:01:13 (997 turns).

Alarak the Trooper (Demonspawn Gladiator)            Turns: 997, Time: 00:01:13

Health: -1/30      AC: 10    Str: 16    XL:     3   Next: 17%
Magic:  3/3        EV: 11    Int:  8    God:
Gold:   49         SH:  0    Dex: 14    Spells: 2/2 levels left

rFire   . . .        a - +0 war axe
rCold   . . .        (no shield)
rNeg    . . .        l - +0 ring mail
rPois   .            c - +0 helmet
rElec   .            (no cloak)
rCorr   .            (no gloves)
SInv    .            (no boots)
Will    .....        (no amulet)
Stlth   +            f - +4 ring of protection
HPRegen 0.25/turn    (no ring)
MPRegen 0.08/turn

%: no passive effects
@: slowed, very slow
A: demonic touch 1
a: no special abilities


You were on level 2 of the Dungeon.
You visited 1 branch of the dungeon, and saw 2 of its levels.

You collected 49 gold pieces.

Inventory:

Hand Weapons
 a - a +0 war axe (weapon)
Missiles
 d - 3 throwing nets (quivered)
 e - a javelin
Armour
 c - a +0 helmet (worn)
 l - a +0 ring mail (worn)
Jewellery
 f - a +4 ring of protection (left hand)
Scrolls
 g - a scroll of teleportation
Potions
 i - a potion of curing
 k - a potion of haste {unknown}


   Skills:
 + Level 3.7 Fighting
 - Level 2.6 Axes
 - Level 1.7 Throwing
 - Level 2.6 Dodging


You had 2 spell levels left.
You didn't know any spells.
Your spell library contained the following spells:

 Spells                   Type           Power      Damage    Failure   Level
 Call Imp                 Summ           0%         N/A       77%         2
 Sublimation of Blood     Necr           0%         N/A       77%         2
 Summon Hydra             Summ           0%         N/A       100%        7


Dungeon Overview and Level Annotations

Branches:
Dungeon (2/15)

Altars:

Annotations:
D:2 Natasha


Innate Abilities, Weirdness & Mutations

Your touch may inflict minor irresistible damage on your foes.


Message History

Natasha claws you.
The goblin shoots a sling bullet.
The sling bullet hits you but does no damage.
You hit Natasha but do no damage. Natasha claws you.
The cerulean imp hits you from afar with a +1 spear.
You hit Natasha.
Natasha is lightly wounded.
Natasha hisses.
Natasha barely misses you. The cerulean imp completely misses you.
The goblin shoots a sling bullet.
The sling bullet hits you but does no damage.
Natasha claws you.
The cerulean imp hits you but does no damage.
You are too injured to fight recklessly!
You are too injured to fight recklessly!
You hit Natasha but do no damage.
Natasha is lightly wounded.
The goblin shoots a sling bullet.
The sling bullet hits you but does no damage.
The cerulean imp hits you but does no damage.
Natasha stares at you and mumbles some strange words.
You feel yourself slow down.
The goblin shoots a sling bullet.
The sling bullet completely misses you.
You hit Natasha.
Natasha is heavily wounded.
Natasha claws you but does no damage.
The cerulean imp hits you but does no damage.
The cerulean imp barely misses you. Natasha claws you.
The goblin shoots a sling bullet.
The sling bullet hits you but does no damage.
You hit Natasha. Your touch misses Natasha.
Natasha is almost dead.
Natasha claws you but does no damage.
The cerulean imp hits you from afar with a +1 spear.
* * * LOW HITPOINT WARNING * * *
The goblin shoots a sling bullet.
The sling bullet hits you but does no damage.
Natasha casts a spell at you. The magic dart hits you.
You die...
Natasha curls up and begins to purr.

#......# #..#####
#..# #.#
###..######.#
#...........#
#.#.[######.# ##
#.#†.# #.# .. #.#..#
#.###5#
#.#..######.#@h.#
#.#....().....###
#.##.######.#...!...
#....# #g#.######
#..### ..#.# #..#
...#?# #..# #.#.#.#
#... ....#.# ##.#
.#.#.#.#


You could see Natasha, a cerulean imp (summoned) and a goblin.

Vanquished Creatures
  An adder (D:2)
  3 bats
  2 endoplasms (D:1)
  A giant cockroach (D:1)
  A goblin (D:1)
  2 hobgoblins
  3 jackals (D:1)
  2 quokkas (D:1)
  3 ball pythons (D:1)
  A frilled lizard (D:2)
  6 rats (D:1)
25 creatures vanquished.

Notes
Turn   | Place    | Note
-------+----------+-------------------------------------------
     0 | D:1      | Alarak the Demonspawn Gladiator began the quest for the
                  | Orb.
     0 | D:1      | Reached XP level 1. HP: 16/16 MP: 1/1
   207 | D:1      | Discovered your monstrous ancestry.
   207 | D:1      | Gained mutation: Your touch may inflict minor irresistible
                  | damage on your foes. [demonic ancestry]
   207 | D:1      | Reached XP level 2. HP: 12/23 MP: 2/2
   361 | D:1      | Reached skill level 3 in Fighting
   984 | D:2      | Reached XP level 3. HP: 30/30 MP: 3/3
   988 | D:2      | Noticed Natasha
   997 | D:2      | Killed from afar by Natasha

Illustrated notes

Levels and vault maps discovered:
D:1:      lemuel_arrival_hallway, layout_basic, corexii_corridor_pit,
          chequers_decorated_corner, interstate_on_off
D:2:      layout_loops_ring, hellmonk_ecumenical_altar_run_dry, minmay_circle_x,
          uniq_natasha

Skill      XL: |  1  2 |
---------------+-------+-----
Fighting       | 3 |  3.7
Axes           | |  2.6
Throwing       | |  1.7
Dodging        | |  2.6

Action                     || total
---------------------------++-------
  Melee: War axe           ||    57
         Touch             ||     3
    Use: Scroll            ||     3
 Armour: Leather armour    ||    28
         Ring mail         ||    36
  Dodge: Dodged            ||    46

Table legend: (Time is in decaauts)
 A = Elapsed time spent in this place.
 B = Non-inter-level travel time spent in this place.
 C = Inter-level travel time spent in this place.
 D = Time resting spent in this place.
 E = Time spent auto-exploring this place.
 F = Levels seen in this place.
 G = Mean time per level.
                   A        B        C        D        E       F      G
               +--------+--------+--------+--------+--------+-----+--------+
         Total |   1017 |    947 |     70 |      0 |    775 |   2 |  508.5 |
       Dungeon |   1017 |    947 |     70 |      0 |    775 |   2 |  508.5 |
               +--------+--------+--------+--------+--------+-----+--------+

Top non-repeatable levels by time:
     D:1: 937 daAuts
     D:2: 79 daAuts
